 Dungeon Crawl Stone Soup version 0.29-a0-330-g52719c12eb (webtiles) character file.

Game seed: 4691769046785332012

11328 kae the Spear-Bearer (level 11, -6/90 HPs)
             Began as a Merfolk Gladiator on Apr 20, 2022.
             Was an Initiate of Ashenzari.
             Mangled by a two-headed ogre
             ... wielding a +0 dire flail
              (24 damage)
             ... on level 10 of the Dungeon.
             The game lasted 00:10:48 (13790 turns).

kae the Spear-Bearer (Merfolk Gladiator)           Turns: 13790, Time: 00:10:48

Health: -6/90      AC: 11    Str: 18    XL:     11   Next: 76%
Magic:  11/11      EV: 18    Int:  8    God:    Ashenzari [......]
Gold:   513        SH:  0    Dex: 16    Spells: 10/10 levels left

rFire   . . .      SeeInvis +   a - +3 trident
rCold   . . .      Faith    .   (no shield)
rNeg    . . .      Spirit   .   q - +0 acid dragon scales
rPois   .          Reflect  .   c - +1 helmet
rElec   .          Harm     .   G - +2 cloak
rCorr   +          Rampage  .   (no gloves)
Will    .....                   (no boots)
Stlth   +++.......              l - amulet "Visionary Jealousy" {Acrobat, Fort, Evo} (curse)
HPRegen 0.25/turn               f - ring of see invisible
MPRegen 0.12/turn               (no ring)

@: no status effects
A: (nimble swimmer 2), mertail
a: Renounce Religion, Curse Item, Shatter the Chains


You were on level 10 of the Dungeon.
You worshipped Ashenzari.
Ashenzari was noncommittal.
You visited 2 branches of the dungeon, and saw 11 of its levels.

You collected 513 gold pieces.

Inventory:

Hand Weapons
 a - a +3 trident (weapon)
 m - a +1 glaive of draining
Missiles
 d - a throwing net (quivered)
 e - a javelin
Armour
 b - a +0 leather armour
 c - a +1 helmet (worn)
 q - +0 acid dragon scales (worn)
 G - a +2 cloak (worn)
Jewellery
 f - a ring of see invisible (left hand)
 l - the cursed amulet "Visionary Jealousy" (around neck) {Acrobat, Fort, Evo}
   (You found it on level 1 of the Dungeon)

   [amulet of the acrobat]

   It increases your evasion while moving and waiting.
   It has a curse which improves the following skills: Fortitude: Armour and
   Shields.
   Evocations: Evocations.
 y - a +6 ring of dexterity
Wands
 n - a wand of acid (2)
 o - a wand of paralysis (5)
 C - a wand of flame (13)
Scrolls
 i - 4 scrolls of teleportation
 u - 3 scrolls of holy word
 A - 2 scrolls of amnesia
 D - 3 scrolls of identify
 E - 2 scrolls of fog
 F - a scroll of enchant armour
Potions
 g - 2 potions of invisibility
 h - a potion of ambrosia
 j - 5 potions of curing
 k - 2 potions of magic
 p - 4 potions of attraction
 r - a potion of flight {unknown}
 s - 2 potions of mutation
 t - a potion of resistance
 v - a potion of haste {unknown}
 w - 3 potions of might
 z - 2 potions of cancellation {unknown}
 B - a potion of lignification {unknown}


   Skills:
 - Level 10.1 Fighting
 - Level 14.0 Polearms
 + Level 5.1 Throwing
 - Level 12.2 Dodging
 + Level 5.6 Stealth
 + Level 4.6(5.1) Evocations


You had 10 spell levels left.
You didn't know any spells.
Your spell library contained the following spells:

 Spells                   Type           Power      Damage    Failure   Level
 Animate Skeleton         Necr           0%         N/A       50%         1
 Apportation              Tloc           0%         N/A       50%         1
 Pain                     Necr           0%         1d4       50%         1
 Shock                    Conj/Air       0%         1d3       50%         1
 Sublimation of Blood     Necr           0%         N/A       65%         2
 Swiftness                Air            0%         N/A       86%         3
 Vampiric Draining        Necr           0%         2d6       86%         3
 Airstrike                Air            0%         N/A       99%         4
 Petrify                  Tmut/Erth      0%         N/A       99%         4
 Alistair's Intoxication  Tmut/Pois      0%         N/A       100%        5
 Irradiate                Conj/Tmut      0%         3d13      100%        5


Dungeon Overview and Level Annotations

Branches:
Dungeon (10/15)            Temple (1/1) D:7            Lair (0/6) D:10
    Orc: D:9-12

Altars:
Ashenzari
Cheibriados
Dithmenos
Elyvilon
Fedhas
Gozag
Hepliaklqana
Kikubaaqudgha
Makhleb
Nemelex Xobeh
Okawaru
Qazlal
Ru
Sif Muna
Trog
Uskayaw
Vehumet
Wu Jian
Xom
Yredelemnul
Zin
The Shining One

Shops:
D:2 ((   D:5 *


Innate Abilities, Weirdness & Mutations

((You are very nimble when in or above water. (Stealth+, EV+, Speed+++)))
Your lower body shifts to a powerful aquatic tail in water.


Message History

The two-headed ogre completely misses you.
You barely miss the two-headed ogre.
The two-headed ogre is lightly wounded.
You puncture the two-headed ogre!
The two-headed ogre is moderately wounded.
The two-headed ogre misses you. x2
You hit the two-headed ogre.
The two-headed ogre is moderately wounded.
You hit the two-headed ogre.
The two-headed ogre is moderately wounded.
You hit the two-headed ogre.
The two-headed ogre is moderately wounded.
The two-headed ogre hits you with a +0 giant club!
The two-headed ogre hits you with a +0 giant club.
* * * LOW HITPOINT WARNING * * *
You hit the two-headed ogre but do no damage.
The two-headed ogre is moderately wounded.
You puncture the two-headed ogre!
The two-headed ogre is severely wounded.
The two-headed ogre completely misses you.
The two-headed ogre hits you with a +0 giant club!
* * * LOW HITPOINT WARNING * * *
You barely miss the two-headed ogre.
The two-headed ogre is severely wounded.
You hit the two-headed ogre.
The two-headed ogre is severely wounded.
You puncture the two-headed ogre!
The two-headed ogre is almost dead.
The two-headed ogre barely misses you. The two-headed ogre misses you.
You puncture the two-headed ogre!
You kill the two-headed ogre!
Your Throwing skill increases to level 5!
The two-headed ogre closely misses you.
The two-headed ogre completely misses you.
Things that are here:
a +0 giant club; a +0 giant club; a two-headed ogre corpse You puncture the two-headed ogre!
The two-headed ogre is heavily wounded.
The two-headed ogre hits you with a +0 dire flail!!
You die...

#####.## #####.#### #.)# #..#
## ##)# #.## ..# #)# #.#
#..##########'## #.#
......#........# ##'#####
..#.#.#........# #......#
......#<.).....#######..>...#
.# #.........).O@....+......#
.. #.#.........#######......#
.###...........# #......#
.....##........# #......#
..#.######'##### #......#
....# ###..# #......# #))##
#...## ####'### )..#
##+####### #.#
##.###........# ####'##


You could see a two-headed ogre.

Vanquished Creatures
  5 two-headed ogres
  Lodul (D:10)
  Joseph (D:8)
  Maggie (D:6)
  Psyche (D:8)
  4 trolls
  A wraith (D:10)
  A yak (D:10)
  A shadow (D:10)
  2 wyverns
  2 steam dragons
  Menkaure (D:4)
  An acid dragon (D:10)
  2 water moccasins
  An orc warrior (D:6)
  2 sky beasts
  4 black bears
  An ice beast (D:7)
  3 ogres
  A centaur (D:9)
  A phantom (D:7)
  A kobold brigand (D:8)
  A gnoll sergeant (D:10)
  2 bullfrogs
  3 scorpions
  12 wights
  27 killer bees
  7 howler monkeys
  4 jellies
  4 hounds
  A gnoll shaman (D:4)
  4 orc priests
  4 iguanas
  5 orc wizards
  12 adders
  10 gnolls
  A shadow imp (D:7)
  2 white imps
  4 worms
  24 orcs
  8 endoplasms
  4 giant cockroaches
  6 goblins
  5 hobgoblins
  10 jackals
  11 kobolds
  3 quokkas
  4 ball pythons
  8 bats
  2 frilled lizards (D:1)
  3 rats
229 creatures vanquished.

Vanquished Creatures (others)
  A troll (D:10)
1 creature vanquished.

Grand Total: 230 creatures vanquished

Notes
Turn   | Place    | Note
-------+----------+-------------------------------------------
     0 | D:1      | kae the Merfolk Gladiator began the quest for the Orb.
     0 | D:1      | Reached XP level 1. HP: 16/16 MP: 1/1
    73 | D:1      | Found a faded altar of an unknown god.
   309 | D:1      | Reached XP level 2. HP: 22/22 MP: 2/2
   373 | D:1      | Reached skill level 5 in Polearms
   542 | D:1      | Reached XP level 3. HP: 27/27 MP: 3/3
   832 | D:2      | Reached skill level 6 in Polearms
   898 | D:1      | Reached XP level 4. HP: 12/33 MP: 4/4
  1306 | D:2      | Found Ystill's Weapon Emporium.
  1355 | D:2      | Found Beyr's Antique Weapon Shop.
  1397 | D:2      | Reached skill level 7 in Polearms
  1574 | D:3      | Reached XP level 5. HP: 38/38 MP: 5/5
  1918 | D:3      | Reached skill level 8 in Polearms
  2386 | D:3      | You fall into a shaft and drop 1 floor!
  2449 | D:4      | Reached skill level 9 in Polearms
  2449 | D:4      | Reached XP level 6. HP: 15/44 MP: 6/6
  3871 | D:4      | Noticed Menkaure
  3878 | D:4      | Killed Menkaure
  3879 | D:4      | Reached skill level 10 in Polearms
  3879 | D:4      | Reached XP level 7. HP: 27/50 MP: 7/7
  4337 | D:5      | Entered Level 5 of the Dungeon
  4806 | D:5      | Reached skill level 11 in Polearms
  5046 | D:5      | Reached skill level 12 in Polearms
  5046 | D:5      | Reached XP level 8. HP: 27/56 MP: 8/8
  5987 | D:5      | Identified the +1 hand axe "Habbydoc" {elec, rElec rF-
                  | Will+ rCorr}
  6038 | D:5      | Found Yczemyekh's Gadget Gallery.
  6614 | D:6      | Reached skill level 13 in Polearms
  6771 | D:6      | Noticed Maggie
  7115 | D:6      | Reached skill level 14 in Polearms
  7195 | D:6      | Reached skill level 5 in Dodging
  7203 | D:6      | Reached XP level 9. HP: 28/65 MP: 9/9
  7223 | D:6      | Killed Maggie
  7672 | D:7      | Reached skill level 5 in Fighting
  7869 | D:7      | Found a sparkling altar of Nemelex Xobeh.
  8386 | D:7      | Found a staircase to the Ecumenical Temple.
  8481 | Temple   | Entered the Ecumenical Temple
  9128 | Temple   | Became a worshipper of Ashenzari the Shackled
  9489 | D:8      | Reached XP level 10. HP: 20/76 MP: 10/10
 10138 | D:8      | Noticed Joseph
 10163 | D:8      | Killed Joseph
 10164 | D:8      | Reached skill level 10 in Dodging
 10902 | D:8      | Noticed Psyche
 10935 | D:8      | Killed Psyche
 11606 | D:9      | Noticed a two-headed ogre
 12313 | D:9      | Killed a two-headed ogre
 12314 | D:9      | Reached skill level 10 in Fighting
 12314 | D:9      | Reached XP level 11. HP: 87/90 MP: 11/11
 12473 | D:10     | Entered Level 10 of the Dungeon
 12593 | D:10     | Reached skill level 1 in Stealth
 12593 | D:10     | Reached skill level 1 in Evocations
 13035 | D:10     | Noticed Lodul
 13035 | D:10     | Noticed a two-headed ogre
 13035 | D:10     | Noticed a two-headed ogre
 13035 | D:10     | Noticed a two-headed ogre
 13035 | D:10     | Noticed a two-headed ogre
 13048 | D:10     | Killed Lodul
 13048 | D:10     | Killed a two-headed ogre
 13049 | D:10     | Noticed a two-headed ogre
 13193 | D:10     | Found a staircase to the Lair.
 13194 | D:10     | Noticed a two-headed ogre
 13204 | D:10     | Killed a two-headed ogre
 13753 | D:10     | Killed a two-headed ogre
 13754 | D:10     | Reached skill level 5 in Stealth
 13788 | D:10     | Killed a two-headed ogre
 13789 | D:10     | Reached skill level 5 in Throwing
 13790 | D:10     | Mangled by a two-headed ogre

Illustrated notes

Levels and vault maps discovered:
D:1:      dpeg_arrival_three_same_balls, layout_basic,
          ebering_ecumenical_altar_mist
D:2:      layout_rooms, serial_shops, nicolae_shop_trees,
          nicolae_shop_hallway_plus
D:3:      layout_loops_ring, chequers_serial_rivers_micro_b
D:4:      layout_layer_cave, uniq_menkaure
D:5:      layout_layer_cave, kennysheep_diamond, nicolae_shop_gadgets
D:6:      layout_cave_pools, cheibrodos_sewer_entry_bend, uniq_maggie
D:7:      layout_gridville, mainiacjoe_overflow_brackets, temple_statues
D:8:      layout_loops_ring, uniq_joseph, uniq_psyche
D:9:      layout_irregular_city
D:10:     layout_roguey, lair_entry_dummy, minmay_fractal_squares_5, uniq_lodul
Temple:   nicolae_temple_the_god_donut

Skill      XL: |  1  2  3  4  5  6  7  8  9 10 11 |
---------------+----------------------------------+-----
Polearms       | 5 6 7 9 10 12 14 | 14.0
Fighting       | 3 7 10 | 10.1
Dodging        | 5 9 12 | 12.2
Stealth        | 5 |  5.6
Evocations     | 4 |  4.6
Throwing       | 5 |  5.1

Action                   |  1- 3 |  4- 6 |  7- 9 | 10-12 || total
-------------------------+-------+-------+-------+-------++-------
Melee: Trident           |    91 |   187 |   330 |   460 ||  1068
       Punch             |     1 |     1 |     1 |    10 ||    13
       Tailslap          |       |       |     2 |       ||     2
Throw: Throwing net      |       |     3 |       |     1 ||     4
Invok: Curse Item        |       |       |       |     1 ||     1
Evoke: Wand              |       |       |       |     7 ||     7
  Use: Scroll            |     5 |     9 |     6 |     3 ||    23
       Potion            |     1 |     1 |     3 |     4 ||     9
 Stab: Sleeping          |     7 |     6 |       |       ||    13
       Held in net/web   |       |     2 |       |       ||     2
       Invisible         |       |       |       |     2 ||     2
       Distracted        |       |       |       |     1 ||     1
Armor: Leather armour    |    30 |    39 |    42 |       ||   111
       Acid dragon scale |       |       |    22 |    50 ||    72
Dodge: Dodged            |    63 |   109 |   188 |   243 ||   603

Table legend: (Time is in decaauts)
 A = Elapsed time spent in this place.
 B = Non-inter-level travel time spent in this place.
 C = Inter-level travel time spent in this place.
 D = Time resting spent in this place.
 E = Time spent auto-exploring this place.
 F = Levels seen in this place.
 G = Mean time per level.
                   A        B        C        D        E       F      G
               +--------+--------+--------+--------+--------+-----+--------+
         Total |  13268 |  12777 |    491 |   2569 |   8378 |  11 | 1206.2 |
       Dungeon |  12834 |  12384 |    450 |   2569 |   8003 |  10 | 1283.4 |
        Temple |    434 |    393 |     41 |      0 |    375 |   1 |  434.0 |
               +--------+--------+--------+--------+--------+-----+--------+

Top non-repeatable levels by time:
     D:5: 2040 daAuts
     D:8: 1992 daAuts
     D:4: 1924 daAuts
     D:9: 1297 daAuts
     D:3: 1197 daAuts
    D:10: 1149 daAuts
     D:1: 1010 daAuts
     D:7: 850 daAuts
     D:6: 835 daAuts
     D:2: 534 daAuts
  Temple: 434 daAuts
